SAAA
HIALEAH DODOS @ BRINKLEY BELUGAS
06/08/2022
 
TOP OF THE 1ST
Hialeah Dodos batting - Pitching for Brinkley Belugas : RHP Robert Archer
Pitching: RHP Robert Archer
Batting: RHB Mitch Jensen 0-0: Ball
1-0: Ground out 1-3 (Groundball, 15S)
Batting: RHB David Nielsen 0-0: Called Strike
0-1: Ball
1-1: Swinging Strike
1-2: Foul Ball, location: 2F
1-2: Ball
2-2: Ground out 4-3 (Groundball, 4)
Batting: LHB Alfonso Núñez 0-0: Called Strike
0-1: Ball
1-1: Called Strike
1-2: SINGLE (Groundball, 34)
Batting: LHB Álex Burgos 0-0: Called Strike
0-1: Ball
1-1: Ball
2-1: Swinging Strike
2-2: Ball
3-2: Foul Ball, location: 2F
3-2: Fly out, F9 (Flyball, 9S)
Top of the 1st over - 0 run(s), 1 hit(s), 0 error(s), 1 left on base; Hialeah 0 - Brinkley 0
BOTTOM OF THE 1ST
Brinkley Belugas batting - Pitching for Hialeah Dodos : RHP Joseph Reed
Pitching: RHP Joseph Reed
Batting: RHB Jason Weston 0-0: Ball
1-0: Foul Ball, location: 2F
1-1: Foul Ball, location: 2F
1-2: Ball
2-2: Foul Ball, location: 2F
2-2: Ball
3-2: Strikes out swinging
Batting: RHB Jorge Salazar 0-0: Called Strike
0-1: Ball
1-1: Swinging Strike
1-2: Ground out 6-3 (Groundball, 6S)
Batting: RHB Reggie Kahn 0-0: Ball
1-0: Swinging Strike
1-1: Foul Ball, location: 2F
1-2: Ball
2-2: Strikes out swinging
Bottom of the 1st over - 0 run(s), 0 hit(s), 0 error(s), 0 left on base; Hialeah 0 - Brinkley 0
TOP OF THE 2ND
Hialeah Dodos batting - Pitching for Brinkley Belugas : RHP Robert Archer
Batting: LHB Motoshige Kitamura 0-0: Called Strike
0-1: Ground out 1-3 (Groundball, 13S)
Batting: RHB Gerald Sims 0-0: Called Strike
0-1: Ball
1-1: Ball
2-1: Called Strike
2-2: Strikes out swinging
Batting: LHB Alberto Enríquez 0-0: Ground out 5-3 (Groundball, 5)
Top of the 2nd over - 0 run(s), 0 hit(s), 0 error(s), 0 left on base; Hialeah 0 - Brinkley 0
BOTTOM OF THE 2ND
Brinkley Belugas batting - Pitching for Hialeah Dodos : RHP Joseph Reed
Batting: RHB Kurt Chappell 0-0: Foul Ball, location: 2F
0-1: Ball
1-1: Ball
2-1: Ball
3-1: Base on Balls
Batting: RHB Ricardo Romo 0-0: Ball
1-0: Ball
2-0: Fly out, F9 (Flyball, 9D)
Batting: RHB Mark Field 0-0: Ball
1-0: Ball
2-0: Ball
3-0: Base on Balls
Kurt Chappell to second
Batting: RHB Gonzalo Núñez 0-0: Ball
Wild Pitch!
Kurt Chappell to third
Mark Field to second
1-0: Called Strike
1-1: Swinging Strike
1-2: Fly out, F8 (Flyball, 8LXD)
Runner from 3rd tags up, SCORES, no throw
Mark Field to third
Batting: RHB Pablo Alyala 0-0: Ground out 4-3 (Groundball, 4)
Bottom of the 2nd over - 1 run(s), 0 hit(s), 0 error(s), 1 left on base; Hialeah 0 - Brinkley 1
TOP OF THE 3RD
Hialeah Dodos batting - Pitching for Brinkley Belugas : RHP Robert Archer
Batting: RHB Pedro Longoria 0-0: Ball
1-0: Ball
2-0: Called Strike
2-1: Ball
3-1: Base on Balls
Batting: RHB Carl Carlson 0-0: Foul Ball, location: 2F
0-1: Ball
1-1: Ball
2-1: Swinging Strike
2-2: Foul Ball, location: 2F
2-2: Ball
3-2: Foul Ball, location: 2F
3-2: SINGLE (Flyball, 8RS)
Pedro Longoria to second
Runner from 2nd tries for 3rd, SAFE, throw made to third
Batting: RHB Mitch Jensen 0-0: Ball
1-0: Foul Ball, location: 2F
1-1: Called Strike
1-2: Fly out, F6 (Line Drive, 6)
Batting: RHB David Nielsen 0-0: Called Strike
0-1: Foul Ball, location: 2F
0-2: Ball
1-2: Foul Ball, location: 2F
1-2: Ball
2-2: Fly out, F9 (Flyball, 89M)
Runner from 3rd tags up, SCORES, no throw
Batting: LHB Alfonso Núñez 0-0: Ball
1-0: Ball
2-0: Ball
3-0: Base on Balls
Carl Carlson to second
Batting: LHB Álex Burgos 0-0: Called Strike
0-1: Fly out, F7 (Flyball, 7D)
Top of the 3rd over - 1 run(s), 1 hit(s), 0 error(s), 2 left on base; Hialeah 1 - Brinkley 1
BOTTOM OF THE 3RD
Brinkley Belugas batting - Pitching for Hialeah Dodos : RHP Joseph Reed
Batting: RHB Fernando Díaz 0-0: Called Strike
0-1: Foul Ball, location: 2F
0-2: Strikes out swinging
Batting: RHB Jason Weston 0-0: Ball
1-0: Ball
2-0: Called Strike
2-1: Fly out, F7 (Flyball, 7LM)
Batting: RHB Jorge Salazar 0-0: Called Strike
0-1: Ball
1-1: Ball
2-1: Foul Ball, location: 2F
2-2: Strikes out looking
Bottom of the 3rd over - 0 run(s), 0 hit(s), 0 error(s), 0 left on base; Hialeah 1 - Brinkley 1
TOP OF THE 4TH
Hialeah Dodos batting - Pitching for Brinkley Belugas : RHP Robert Archer
Batting: LHB Motoshige Kitamura 0-0: Called Strike
0-1: Swinging Strike
0-2: Ball
1-2: Ball
2-2: Foul Ball, location: 2F
2-2: Ground out 4-3 (Groundball, 34)
Batting: RHB Gerald Sims 0-0: Foul Ball, location: 2F
0-1: Ball
1-1: Fly out, F8 (Flyball, 8LXD)
Batting: LHB Alberto Enríquez 0-0: Foul Ball, location: 2F
0-1: Called Strike
0-2: Ball
1-2: Strikes out swinging
Top of the 4th over - 0 run(s), 0 hit(s), 0 error(s), 0 left on base; Hialeah 1 - Brinkley 1
BOTTOM OF THE 4TH
Brinkley Belugas batting - Pitching for Hialeah Dodos : RHP Joseph Reed
Batting: RHB Reggie Kahn 0-0: Called Strike
0-1: Called Strike
0-2: Foul Ball, location: 2F
0-2: Ground out 1-3 (Groundball, 15S)
Batting: RHB Kurt Chappell 0-0: Ball
1-0: Swinging Strike
1-1: Ball
2-1: Fly out, F9 (Flyball, 9LM)
Batting: RHB Ricardo Romo 0-0: Ball
1-0: Foul Ball, location: 2F
1-1: Ball
2-1: Ball
3-1: Called Strike
3-2: Strikes out swinging
Bottom of the 4th over - 0 run(s), 0 hit(s), 0 error(s), 0 left on base; Hialeah 1 - Brinkley 1
TOP OF THE 5TH
Hialeah Dodos batting - Pitching for Brinkley Belugas : RHP Robert Archer
Batting: RHB Pedro Longoria 0-0: Called Strike
0-1: Ball
1-1: Ball
2-1: Foul Ball, location: 2F
2-2: Hit by Pitch
Batting: RHB Carl Carlson 0-0: Called Strike
0-1: Ball
1-1: Ball
Pedro Longoria is caught stealing 2nd base
2-1: Ball
3-1: Base on Balls
Batting: RHB Mitch Jensen 0-0: Called Strike
0-1: Foul Ball, location: 2F
0-2: Foul Ball, location: 2F
0-2: Foul Ball, location: 2F
0-2: Ball
1-2: Ball
2-2: Fly out, F9 (Popup, 4D)
Batting: RHB David Nielsen 0-0: Ball
1-0: Ball
2-0: Ball
3-0: Called Strike
3-1: Base on Balls
Carl Carlson to second
Batting: LHB Alfonso Núñez 0-0: Foul Ball, location: 2F
0-1: Foul Ball, location: 2F
0-2: Ball
1-2: Foul Ball, location: 2F
1-2: Ball
2-2: SINGLE (Line Drive, 9LS)
Carl Carlson to third
David Nielsen to second
Runner from 3rd tries for Home, SAFE, no throw or cutoff
Batting: LHB Álex Burgos 0-0: Swinging Strike
0-1: Swinging Strike
0-2: Strikes out swinging
Top of the 5th over - 1 run(s), 1 hit(s), 0 error(s), 2 left on base; Hialeah 2 - Brinkley 1
BOTTOM OF THE 5TH
Brinkley Belugas batting - Pitching for Hialeah Dodos : RHP Joseph Reed
Batting: RHB Mark Field 0-0: Called Strike
0-1: Ball
1-1: Foul Ball, location: 2F
1-2: Strikes out swinging
Batting: RHB Gonzalo Núñez 0-0: Fly out, F8 (Flyball, 8RM)
Batting: RHB Pablo Alyala 0-0: Ball
1-0: Ball
2-0: Foul Ball, location: 2F
2-1: Ball
3-1: Foul Ball, location: 2F
3-2: Ground out 5-3 (Groundball, 56)
Bottom of the 5th over - 0 run(s), 0 hit(s), 0 error(s), 0 left on base; Hialeah 2 - Brinkley 1
TOP OF THE 6TH
Hialeah Dodos batting - Pitching for Brinkley Belugas : RHP Robert Archer
Batting: LHB Motoshige Kitamura 0-0: Ball
1-0: Ball
2-0: Ball
3-0: Base on Balls
Batting: RHB Gerald Sims 0-0: Bunted foul
0-1: Sac Bunt - play at first, batter OUT! 1-4
Motoshige Kitamura to second
Batting: LHB Alberto Enríquez 0-0: Intentional Walk
Batting: RHB Pedro Longoria 0-0: Ball
1-0: Called Strike
1-1: Ball
2-1: Ball
3-1: Swinging Strike
3-2: Foul Ball, location: 2F
3-2: Foul Ball, location: 2F
3-2: Base on Balls
Motoshige Kitamura to third
Alberto Enríquez to second
Pitching: RHP Richard Brown
Batting: RHB Carl Carlson 0-0: Foul Ball, location: 2F
0-1: Called Strike
0-2: Ball
1-2: Grounds into double play, 6-4-3 (Groundball, 6)
Top of the 6th over - 0 run(s), 0 hit(s), 0 error(s), 2 left on base; Hialeah 2 - Brinkley 1
BOTTOM OF THE 6TH
Brinkley Belugas batting - Pitching for Hialeah Dodos : RHP Joseph Reed
Batting: RHB Fernando Díaz 0-0: SINGLE (Groundball, 4MD)
Batting: RHB Jason Weston 0-0: Bunted foul
0-1: Sac Bunt - play at first, batter OUT! 5-4
Fernando Díaz to second
Batting: RHB Jorge Salazar 0-0: Ball
1-0: Ball
2-0: Ball
3-0: Called Strike
3-1: Foul Ball, location: 2F
3-2: DOUBLE (Line Drive, 7D)
Fernando Díaz scores
Batting: RHB Reggie Kahn 0-0: Ball
1-0: Called Strike
1-1: Ball
2-1: Swinging Strike
2-2: Ground out 6-3 (Groundball, 6)
Batting: RHB Kurt Chappell 0-0: Ball
1-0: Ball
2-0: SINGLE (Flyball, 89S)
Jorge Salazar to third
Batting: RHB Ricardo Romo 0-0: Called Strike
0-1: Ground out 1-3 (Groundball, 25)
Bottom of the 6th over - 1 run(s), 3 hit(s), 0 error(s), 2 left on base; Hialeah 2 - Brinkley 2
TOP OF THE 7TH
Hialeah Dodos batting - Pitching for Brinkley Belugas : RHP Richard Brown
Batting: RHB Mitch Jensen 0-0: Ball
1-0: Foul Ball, location: 2F
1-1: Called Strike
1-2: Ball
2-2: Strikes out swinging
Pitching: RHP Gary Jones
Batting: RHB David Nielsen 0-0: Ball
1-0: Called Strike
1-1: DOUBLE (Groundball, 3L)
Batting: LHB Alfonso Núñez 0-0: Called Strike
0-1: Fly out, F2 (Popup, 2LF)
Batting: LHB Álex Burgos 0-0: Foul Ball, location: 2F
0-1: Ball
1-1: Swinging Strike
1-2: Foul Ball, location: 2F
1-2: Strikes out looking
Top of the 7th over - 0 run(s), 1 hit(s), 0 error(s), 1 left on base; Hialeah 2 - Brinkley 2
BOTTOM OF THE 7TH
Brinkley Belugas batting - Pitching for Hialeah Dodos : RHP Joseph Reed
Pinch Hitting: RHB Shawn Hicks 0-0: Fly out, F7 (Flyball, 78D)
Batting: RHB Gonzalo Núñez 0-0: Ball
1-0: Ball
2-0: SINGLE (Groundball, 6MD)
Pinch Hitting: LHB Arturo Hernández 0-0: Called Strike
0-1: Swinging Strike
0-2: Foul Ball, location: 2F
0-2: Ground out 5-3 (Groundball, 5L)
Gonzalo Núñez to second
Pinch Hitting: LHB Arturo Acosta 0-0: Fly out, F7 (Flyball, 78M)
Bottom of the 7th over - 0 run(s), 1 hit(s), 0 error(s), 1 left on base; Hialeah 2 - Brinkley 2
TOP OF THE 8TH
Hialeah Dodos batting - Pitching for Brinkley Belugas : RHP Gary Jones
Now at 1B: Arturo Acosta
Now at 2B: Jim Unknown
Now at SS: Shawn Hicks
Batting: LHB Motoshige Kitamura 0-0: Swinging Strike
0-1: Ball
1-1: Called Strike
1-2: Ball
2-2: Foul Ball, location: 2F
2-2: Foul Ball, location: 2F
2-2: Strikes out looking
Pinch Hitting: LHB Jeff Conklin 0-0: Called Strike
0-1: Swinging Strike
0-2: Ball
1-2: Ball
2-2: Strikes out swinging
Batting: LHB Alberto Enríquez 0-0: Swinging Strike
0-1: Ball
1-1: SINGLE (Line Drive, 4MD)
Batting: RHB Pedro Longoria 0-0: Ball
1-0: Ball
2-0: Swinging Strike
2-1: Foul Ball, location: 2F
2-2: Foul Ball, location: 2F
2-2: Ball
3-2: Foul Ball, location: 2F
3-2: Strikes out swinging
Top of the 8th over - 0 run(s), 1 hit(s), 0 error(s), 1 left on base; Hialeah 2 - Brinkley 2
BOTTOM OF THE 8TH
Brinkley Belugas batting - Pitching for Hialeah Dodos : RHP Joseph Reed
Now at 2B: Jeff Conklin
Batting: RHB Jason Weston 0-0: Called Strike
0-1: Ball
1-1: Ball
2-1: SINGLE (Line Drive, 8RS)
Batting: RHB Jorge Salazar 0-0: Sac Bunt - play at first, batter OUT! 3-4
Jason Weston to second
Batting: RHB Reggie Kahn 0-0: Ball
1-0: Swinging Strike
1-1: Swinging Strike
1-2: Foul Ball, location: 2F
1-2: Fly out, F3 (Line Drive, 34)
Batting: RHB Kurt Chappell 0-0: Fly out, F9 (Line Drive, 89M)
Bottom of the 8th over - 0 run(s), 1 hit(s), 0 error(s), 1 left on base; Hialeah 2 - Brinkley 2
TOP OF THE 9TH
Hialeah Dodos batting - Pitching for Brinkley Belugas : RHP Gary Jones
Pitching: RHP César Rivera
Batting: RHB Carl Carlson 0-0: Ball
1-0: Foul Ball, location: 2F
1-1: Ball
2-1: Foul Ball, location: 2F
2-2: Hit by Pitch
Pinch Runner at 1st Javier Santos:
Batting: RHB Mitch Jensen 0-0: Reached on error, E1 (Groundball, 15S)
Javier Santos to second
Batting: RHB David Nielsen 0-0: Sac Bunt - play at first, batter OUT! 3-4
Javier Santos to third
Mitch Jensen to second
Batting: LHB Alfonso Núñez 0-0: Called Strike
0-1: Ball
1-1: Ball
2-1: Called Strike
2-2: Foul Ball, location: 2F
2-2: SINGLE (Groundball, 25) (infield hit)
Javier Santos scores
Mitch Jensen to third
Batting: LHB Álex Burgos 0-0: Ball
1-0: Foul Ball, location: 2F
1-1: Foul Ball, location: 2F
1-2: Ball
2-2: Ball
3-2: Strikes out swinging
Alfonso Núñez steals 2nd base
Batter strikes out.
Batting: LHB Motoshige Kitamura 0-0: SINGLE (Flyball, 9S)
Mitch Jensen scores
Alfonso Núñez to third
Runner from 3rd tries for Home, SAFE, no throw or cutoff
Batting: LHB Jeff Conklin 0-0: Called Strike
0-1: Ball
1-1: Foul Ball, location: 2F
1-2: Foul Ball, location: 2F
1-2: Ball
2-2: Foul Ball, location: 2F
2-2: Strikes out looking
Top of the 9th over - 3 run(s), 2 hit(s), 1 error(s), 1 left on base; Hialeah 5 - Brinkley 2
BOTTOM OF THE 9TH
Brinkley Belugas batting - Pitching for Hialeah Dodos : RHP Joseph Reed
Pitching: RHP Jesús González
Now at C: Luis Sáenz
Batting: RHB Ricardo Romo 0-0: Ball
1-0: Ground out 6-3 (Groundball, 6)
Batting: RHB Shawn Hicks 0-0: Ball
1-0: Ball
2-0: SINGLE (Line Drive, 56)
Batting: RHB Gonzalo Núñez 0-0: Ball
1-0: Ball
2-0: Fly out, F6 (Popup, 6MD)
Batting: RHB Jim Unknown 0-0: Ball
1-0: Fly out, F7 (Line Drive, 78M)
Bottom of the 9th over - 0 run(s), 1 hit(s), 0 error(s), 1 left on base; Hialeah 5 - Brinkley 2
This league is powered by Out of the Park Baseball, the baseball management simulation game for PC, Mac and Linux
Friday, April 15th, 2016 - OOTP Baseball 16.9 Build 39